 Dungeon Crawl Stone Soup version 0.21.1-1-g345015f (webtiles) character file.

504 glosham the Chopper (level 7, -5/57 HPs)
             Began as a Ghoul Berserker on Apr 15, 2018.
             Was a Priest of Trog.
             Slain by a water moccasin zombie (6 damage)
             ... in an ossuary.
             The game lasted 00:28:22 (1180 turns).

glosham the Chopper (Ghoul Berserker)               Turns: 1180, Time: 00:28:23

Health: -5/57      AC:  6    Str: 20    XL:     7   Next: 17%
Magic:  6/6        EV: 10    Int:  3    God:    Trog [***...]
Gold:   54         SH:  0    Dex: 10    Spells: 6/6 levels left

rFire    . . .     SeeInvis .   a - +2 whip (elec)
rCold    + . .     Gourm    .   (no shield)
rNeg     + + +     Faith    .   i - +0 scale mail
rPois    ∞         Spirit   .   (no helmet)
rElec    .         Reflect  .   (no cloak)
rCorr    .         Harm     .   (no gloves)
MR       .....                  (no boots)
Stlth    ..........             (no amulet)
HPRegen  0.00/turn              (no ring)
MPRegen  0.10/turn              (no ring)

@: rotting
A: rotting body, claws 1, carnivore, cold resistance 1, negative energy
resistance 3, inhibited regeneration, torment resistance, unbreathing
a: Trog's Hand, Burn Spellbooks, Renounce Religion


You were in an ossuary.
You worshipped Trog.
Trog was most pleased with you.
You were not hungry.

You visited 1 branch of the dungeon, and saw 6 of its levels.
You also visited: Ossuary.

You collected 54 gold pieces.

Inventory:

Hand Weapons
 a - a +2 whip of electrocution (weapon)
 b - a +1 hand axe
 n - a +2 falchion of distortion {!w}
 o - a +0 dagger of venom
 q - a +0 dagger of venom
 r - a +0 war axe
Missiles
 l - 5 tomahawks (quivered)
 s - a throwing net
Armour
 d - a +0 leather armour
 e - a +0 animal skin
 g - a +0 ring mail
 i - a +0 scale mail (worn)
 p - a +1 leather armour of magic resistance
Potions
 f - a potion of flight
 j - a potion of brilliance
 k - a potion of resistance
Comestibles
 c - 4 rations


   Skills:
 - Level 3.2 Fighting
 * Level 7.3 Axes
 - Level 1.7 Armour
 - Level 1.7 Dodging


You had 6 spell levels left.
You didn't know any spells.

Dungeon Overview and Level Annotations

Branches:
Dungeon (6/15)             Temple (0/1) D:4

Altars:
Dithmenos
Ru
Sif Muna
Wu Jian
Yredelemnul

Shops:
D:6 ?!


Innate Abilities, Weirdness & Mutations

Your body is rotting away.
You thrive on raw meat.
You are immune to poison.
You have sharp fingernails.
You are carnivorous and can eat meat at any time.
Your flesh is cold resistant. (rC+)
You are immune to negative energy. (rN+++)
You do not regenerate when monsters are visible.
You are immune to unholy pain and torment.
You can survive without breathing.


Message History

You hit the water moccasin zombie.
The water moccasin zombie is severely damaged.
The water moccasin zombie completely misses you.
You closely miss the water moccasin zombie.
The water moccasin zombie is severely damaged.
The water moccasin zombie bites you.
* * * LOW HITPOINT WARNING * * *
You feel better. The water moccasin zombie misses you.
The water moccasin zombie bites you but does no damage.
You barely miss the water moccasin zombie.
The water moccasin zombie is severely damaged.
The water moccasin zombie bites you.
* * * LOW HITPOINT WARNING * * *
You closely miss the water moccasin zombie.
The water moccasin zombie is severely damaged.
The water moccasin zombie bites you but does no damage.
You closely miss the water moccasin zombie.
The water moccasin zombie is severely damaged.
The water moccasin zombie bites you but does no damage.
You barely miss the water moccasin zombie.
The water moccasin zombie is severely damaged.
The water moccasin zombie bites you.
* * * LOW HITPOINT WARNING * * *
You hit the water moccasin zombie but do no damage.
The water moccasin zombie is severely damaged.
The water moccasin zombie bites you but does no damage.
You hit the water moccasin zombie.
The water moccasin zombie is almost destroyed.
The water moccasin zombie bites you but does no damage.
You hit the water moccasin zombie.
The water moccasin zombie is almost destroyed.
The water moccasin zombie bites you.
* * * LOW HITPOINT WARNING * * *
You barely miss the water moccasin zombie.
The water moccasin zombie is almost destroyed.
The water moccasin zombie bites you but does no damage.
You barely miss the water moccasin zombie.
The water moccasin zombie is almost destroyed.
The water moccasin zombie bites you.
You die...

#∩..#^.^#....#^.^#.
#...#^..'....'^^^#.
#...'.^.#....#...'.
###'###############
#...# #^ #..^# #.
#.^.# #. #^^^# #.
##@## ## #.Z.# #.
#...# #. #...# #.
#...# #. #+### ##
#^ ### #####^
#!???#...#.


You could see a water moccasin zombie.

Vanquished Creatures
  3 water moccasin zombies (Ossuary)
  A howler monkey (D:5)
  A crimson imp (D:6)
  An orc wizard (D:4)
  An orc priest (D:4)
  2 big kobold zombies (Ossuary)
  The ghost of glosham the Scratcher, a weakling FeCK of the Shining One (D:4)
  A mummy (D:4)
  A worker ant zombie (D:6)
  A gnoll (D:4)
  2 adders (D:2)
  An ooze (D:3)
  7 adder zombies (Ossuary)
  A worm (D:3)
  A leopard gecko (D:6)
  12 orcs
  4 bats
  A giant cockroach (D:3)
  4 gnoll zombies (Ossuary)
  A goblin (D:3)
  6 jackals (D:3)
  A ball python zombie (D:5)
  6 hobgoblin zombies (Ossuary)
  4 kobolds (D:3)
  6 kobold zombies (Ossuary)
  5 orc zombies (Ossuary)
  A quokka skeleton (D:4)
  A rat (D:3)
77 creatures vanquished.

Notes
Turn   | Place    | Note
-------+----------+-------------------------------------------
     0 | D:1      | glosham the Ghoul Berserker began the quest for the Orb.
     0 | D:1      | Reached XP level 1. HP: 19/19 MP: 0/0
   142 | D:2      | Found a shadowy altar of Dithmenos.
   167 | D:2      | Reached skill level 3 in Axes
   167 | D:2      | Reached XP level 2. HP: 14/24 MP: 1/1
   252 | D:3      | Reached XP level 3. HP: 18/31 MP: 2/2
   358 | D:3      | Reached skill level 4 in Axes
   435 | D:3      | Found a basalt altar of Yredelemnul.
   437 | D:3      | Found an ornate altar of the Wu Jian Council.
   438 | D:3      | Found a deep blue altar of Sif Muna.
   567 | D:4      | Reached XP level 4. HP: 34/38 MP: 3/3
   646 | D:4      | Noticed glosham's ghost (weakling FeCK)
   650 | D:4      | Killed glosham's ghost
   650 | D:4      | Reached ** piety under Trog
   665 | D:4      | Found a sacrificial altar of Ru.
   680 | D:4      | Found a staircase to the Ecumenical Temple.
   684 | D:4      | Reached skill level 5 in Axes
   700 | D:4      | Reached XP level 5. HP: 38/45 MP: 4/4
   780 | D:4      | You fall through a shaft for 2 floors!
   780 | D:6      | Found Kihif's Distillery.
   783 | D:6      | Found Gapokuv's Magic Scroll Shop.
   853 | D:5      | Entered Level 5 of the Dungeon
   907 | D:4      | Reached skill level 6 in Axes
   907 | D:4      | Reached XP level 6. HP: 42/51 MP: 5/5
   939 | D:4      | Found a sand-covered staircase.
   957 | Ossuary  | Entered an ossuary
  1049 | Ossuary  | Reached skill level 7 in Axes
  1049 | Ossuary  | Reached XP level 7. HP: 23/57 MP: 6/6
  1074 | Ossuary  | Reached *** piety under Trog
  1168 | Ossuary  | HP: 4/57 [water moccasin zombie (2)]
  1175 | Ossuary  | HP: 3/57 [water moccasin zombie (4)]
  1178 | Ossuary  | HP: 1/57 [water moccasin zombie (2)]
  1180 | Ossuary  | Slain by a water moccasin zombie

Skill      XL: |  1  2  3  4  5  6 |
---------------+-------------------+-----
Axes           | 3 4 5 6 7 |  7.3
Fighting       | |  3.2
Armour         | |  1.7
Dodging        | |  1.7

Action                   |  1- 3 |  4- 6 |  7- 9 || total
-------------------------+-------+-------+-------++-------
Melee: Hand axe          |    69 |     8 |       ||    77
       Whip              |       |   142 |    92 ||   234
  Use: Scroll            |     6 |     2 |       ||     8
       Potion            |       |       |     1 ||     1
  Eat: Chunk             |    10 |    18 |       ||    28
Armor: Leather armour    |     1 |       |       ||     1
       Ring mail         |    29 |       |       ||    29
       Scale mail        |     3 |    41 |    22 ||    66
Dodge: Dodged            |    26 |    60 |    26 ||   112

Table legend:
 A = Turns spent in this place as a percentage of turns spent in the entire game.
 B = Non-inter-level travel turns spent in this place as a percentage of non-inter-level travel turns spent in the entire game.
 C = Inter-level travel turns spent in this place as a percentage of turns spent in this place.
 D = Turns resting spent in this place as a percentage of non-inter-level travel turns spent in this place.
 E = Turns spent auto-exploring this place as a percentage of non-inter-level travel turns spent in this place.
 F = Non-inter-level travel turns spent in this place divided by the number of levels of this place that you've seen.
                   A       B       C       D       E      F
               +-------+-------+-------+-------+-------+----------------------
         Total | 100.0 | 100.0 |   0.0 |   0.0 |   0.0 | 168.6
       Dungeon |  81.1 |  81.1 |   0.0 |   0.0 |   0.0 | 159.5
       Ossuary |  18.9 |  18.9 |   0.0 |   0.0 |   0.0 | 223.0
               +-------+-------+-------+-------+-------+----------------------

Table legend:
 A = Kills in this place as a percentage of kills in entire the game.
 B = Kills by you in this place as a percentage of kills by you in the entire game.
 C = Kills by friends in this place as a percentage of kills by friends in the entire game.
 D = Other kills in this place as a percentage of other kills in the entire game.
 E = Experience gained in this place as a percentage of experience gained in the entire game.
 F = Experience gained in this place divided by the number of levels of this place that you have seen.
                   A       B       C       D       E      F
               +-------+-------+-------+-------+-------+----------------------
         Total | 100.0 | 100.0 |   N/A |   N/A | 100.0 | 102.9
       Dungeon |  57.1 |  57.1 |   N/A |   N/A |  50.1 |  60.2
       Ossuary |  42.9 |  42.9 |   N/A |   N/A |  49.9 | 359.0
               +-------+-------+-------+-------+-------+----------------------

Vault maps used:
D:1:      minmay_arrival_four_houses, item_on_display_a
D:2:      first_ration, nicolae_dithmenos_through_a_glass_darkly
D:3:      minitemple, chequers_ecumenical_altar_simple_redux
D:4:      nicolae_xom_altar_mimics, nicolae_ru_awakened_eye,
          minmay_temple_entry_junction, serial_shops, shop,
          gup_ossuary_entry_pyramid, minmay_ogre_servants
D:5:      nicolae_tso_swordbearing_angel, serial_shops, nicolae_shop_trees,
          nicolae_shop_waterfront, shop, shop, uniq_duvessa
D:6:      kennysheep_little_box, serial_shops, nicolae_shop_crystal,
          kennysheep_mini, nicolae_shop_crystal, nicolae_shop_waterfront, shop
Ossuary:  ossuary_tomb_2
